 Dungeon Crawl Stone Soup version 0.29.0-4-gdea44cf6ec (webtiles) character file.

Game seed: 13179062215675832761

77 qw the Chopper (level 4, 0/39 HPs)
             Began as a Minotaur Berserker on Sept 4, 2022.
             Was a Believer of Trog.
             Killed by divine providence
             ... invoked by an orc priest
              (16 damage)
             ... on level 3 of the Dungeon.
             The game lasted 00:00:49 (2491 turns).

qw the Chopper (Minotaur Berserker)                 Turns: 2491, Time: 00:00:50

Health: 0/39       AC:  6    Str: 24    XL:     4   Next: 14%
Magic:  3/3        EV: 10    Int:  4    God:    Trog [**....]
Gold:   117        SH:  0    Dex:  9    Spells: 3/3 levels left

rFire   . . .      SeeInvis .   Y - +0 hand axe
rCold   . . .      Faith    .   (no shield)
rNeg    . . .      Spirit   .   m - +0 scale mail
rPois   .          Reflect  .   (helmet restricted)
rElec   .          Harm     .   (no cloak)
rCorr   .          Rampage  .   (no gloves)
Will    .....                   (no boots)
Stlth   ..........              (no amulet)
HPRegen 0.13/turn               (no ring)
MPRegen 0.08/turn               (no ring)

@: on berserk cooldown, slowed, very slow
A: horns 2, retaliatory headbutt
a: Renounce Religion, Berserk, Trog's Hand


You were on level 3 of the Dungeon.
You worshipped Trog.
Trog was pleased with you.
You visited 1 branch of the dungeon, and saw 3 of its levels.

You collected 117 gold pieces.


Innate Abilities, Weirdness & Mutations

You have a pair of horns on your head.
You reflexively headbutt those who attack you in melee.


   Skills:
 - Level 3.6 Fighting
 + Level 6.1 Axes
 - Level 2.4 Armour
 - Level 2.1 Dodging


You had 3 spell levels left.
You didn't know any spells.
Your spell library was empty.

Inventory:

Hand Weapons
 i - a +0 whip
 Y - a +0 hand axe (weapon)
Armour
 b - a +0 pair of gloves
 m - a +0 scale mail (worn)
Scrolls
 f - a scroll of teleportation
Potions
 a - a potion of ambrosia {unknown}
 c - 2 potions of cancellation {unknown}
 d - a potion of magic {unknown}
 e - a potion of resistance
 h - 2 potions of curing {unknown}
 k - a potion of heal wounds {unknown}

Dungeon Overview and Level Annotations

Branches:
Dungeon (3/15)

Altars:


Message History

The orc wizard is severely wounded.
You barely miss the orc wizard.
The orc wizard is severely wounded.
The orc priest calls upon Beogh to heal the orc wizard.
The orc wizard is healed somewhat.
The orc wizard mumbles some strange words.
The orc wizard flickers and vanishes!
Deactivating autopickup; reactivate with Ctrl-A.
You slash something!
You hear some strange, mumbled words.
You are confused.
You miss something. You completely miss something.
The orc priest invokes the aid of Beogh against you.
Beogh smites you! Something hits you.
You bump into the rock wall.
You bump into the rock wall.
You feel a strong urge to attack something.
Something hits you but does no damage.
You barely miss something.
The orc priest looks satisfied for a moment.
Something hits you.
You bump into the rock wall.
You hear some strange, mumbled words.
A puff of flame appears from out of thin air!
The puff of flame hits you!
You bump into the rock wall.
You feel a strong urge to attack something.
You are no longer berserk.
You are exhausted.
You feel yourself slow down.
You bump into the rock wall.
You feel less confused.
Something hits you but does no damage. x2
You miss something. Your headbutt misses something.
Your punch misses something. Something hits you.
You closely miss something. Your headbutt misses something.
The orc priest invokes the aid of Beogh against you.
Beogh smites you!
You die...

###.#.###....
#.#
...........
#.#
#...####....
#.# #. #....
#.# # #####
#r# ### #o#
###?. #{#
..... #@# #..
#.# #.. #.#
#.. #.#
######.. #.#
#....... #.#
#.###### #.#
#.# #.# #.#
#.#########.#


You could see an orc priest and a rat.

Vanquished Creatures
  An adder (D:1)
  A worm (D:3)
  2 dart slugs (D:2)
  An orc (D:3)
  5 bats
  5 endoplasms
  2 giant cockroaches (D:2)
  7 hobgoblins
  7 jackals
  5 quokkas
  2 ball pythons (D:1)
  3 frilled lizards
  4 goblins
  4 kobolds
  5 rats
54 creatures vanquished.

Notes
Turn   | Place    | Note
-------+----------+-------------------------------------------
     0 | D:1      | qw the Minotaur Berserker began the quest for the Orb.
     0 | D:1      | Reached XP level 1. HP: 19/19 MP: 0/0
     0 | D:1      | 0 ||| qw: Version: 0.1-a-103-gd6f5d3a
     0 | D:1      | 0 ||| qw: Game counter: 5475
     0 | D:1      | 0 ||| qw: Always use a shield: true
     0 | D:1      | 0 ||| qw: Do Orc after D:15 true
     0 | D:1      | 0 ||| qw: Do second Lair branch before Depths: true
     0 | D:1      | 0 ||| qw: Lair rune preference: random
     0 | D:1      | 0 ||| qw: Plans: Normal
     0 | D:1      | 0 ||| PLANNING D:1-11
   164 | D:1      | Reached skill level 4 in Axes
   197 | D:1      | 197 ||| Stepping ~*~*~tactically~*~*~ (stealth).
   369 | D:1      | Reached XP level 2. HP: 26/26 MP: 1/1
   608 | D:1      | 608 ||| Stepping ~*~*~tactically~*~*~ (stealth).
   736 | D:1      | Reached skill level 5 in Axes
   856 | D:1      | Found a faded altar of an unknown god.
   859 | D:1      | 859 ||| Stepping ~*~*~tactically~*~*~ (stealth).
   860 | D:1      | 860 ||| Stepping ~*~*~tactically~*~*~ (stealth).
   863 | D:1      | 863 ||| Stepping ~*~*~tactically~*~*~ (stealth).
   866 | D:1      | Reached XP level 3. HP: 31/31 MP: 2/2
   867 | D:1      | 867 ||| Stepping ~*~*~tactically~*~*~ (stealth).
   872 | D:1      | Reached ** piety under Trog
   959 | D:1      | 959 ||| READING scroll labelled ETZA ZAXKAG.
  1060 | D:1      | 1060 ||| READING scroll labelled ZARHOGECKO.
  1061 | D:1      | 1061 ||| READING scroll labelled BODADU BOAVE.
  1062 | D:1      | 1062 ||| DRINKING 2 lumpy blue potions.
  1167 | D:1      | 1167 ||| DRINKING 2 fizzy emerald potions.
  1168 | D:1      | 1168 ||| DROPPING potion of berserk rage.
  1187 | D:2      | 1187 ||| STAIRDANCE
  1305 | D:2      | 1305 ||| Stepping ~*~*~tactically~*~*~ (hiding).
  1414 | D:2      | 1414 ||| Stepping ~*~*~tactically~*~*~ (hiding).
  1517 | D:2      | 1517 ||| Stepping ~*~*~tactically~*~*~ (hiding).
  1695 | D:2      | 1695 ||| DROPPING +0 club.
  1996 | D:2      | 1996 ||| INVOKING Berserk.
  1998 | D:2      | Reached skill level 6 in Axes
  1998 | D:2      | Reached XP level 4. HP: 22/39 MP: 3/3
  2206 | D:2      | 2206 ||| UPGRADING to +0 scale mail.
  2216 | D:2      | 2216 ||| DROPPING +0 animal skin.
  2217 | D:2      | 2217 ||| READING scroll labelled KAFUILE JECO.
  2218 | D:2      | 2218 ||| READING scroll labelled DAEHIG KESTI.
  2221 | D:2      | 2221 ||| READING scroll labelled WIPEUN VO QAMO.
  2222 | D:2      | 2222 ||| READING scroll labelled AFEUSU ZAHIUHE.
  2223 | D:2      | 2223 ||| READING scroll labelled JETOKIT XEYDAO.
  2224 | D:2      | 2224 ||| READING scroll labelled AKHO JOZIGY.
  2472 | D:3      | 2472 ||| INVOKING Berserk.
  2491 | D:3      | Killed from afar by an orc priest

Levels and vault maps discovered:
D:1:      wander_arrival_chamber, layout_basic,
          hellmonk_ecumenical_altar_dog_temple, minivault_24,
          minmay_misc_feat_doors
D:2:      layout_rooms, corexii_leaking_fountain, minmay_pentomino_q4
D:3:      minmay_chambers_of_threes, layout_basic,
          lemuel_coloured_pillars_altar, minmay_misc_feat_tiny

Skill      XL: |  1  2  3 |
---------------+----------+-----
Axes           | 4 5 6 |  6.1
Fighting       | |  3.6
Armour         | |  2.4
Dodging        | |  2.1

Action                   |  1- 3 |  4- 6 || total
-------------------------+-------+-------++-------
Melee: Hand axe          |    95 |    27 ||   122
       Headbutt          |    13 |     5 ||    18
       Punch             |     1 |       ||     1
Invok: Berserk           |     1 |     1 ||     2
  Use: Scroll            |     3 |     6 ||     9
       Potion            |     2 |       ||     2
Armor: Animal skin       |    14 |       ||    14
       Scale mail        |       |    10 ||    10
Dodge: Dodged            |    56 |     6 ||    62

Table legend:
 A = Non-vault XP
 B = Vault XP
 C = Vault XP percentage of total XP
 D = Non-vault monster count
 E = Vault monster count
 F = Vault count percentage of total count
                 A         B        C        D         E       F
            +---------+---------+-------+---------+---------+-------
      Total |      94 |      17 |  15.3 |      46 |       8 |  14.8
            +---------+---------+-------+---------+---------+-------
        D:1 |      53 |       8 |  13.1 |      25 |       4 |  13.8
        D:2 |      28 |       9 |  24.3 |      15 |       4 |  21.1
        D:3 |      13 |       0 |   0.0 |       6 |       0 |   0.0
            +---------+---------+-------+---------+---------+-------
